ITL
HAVANA ROLLERS @ OTSEGO BULLDOGS
04/14/2027
 
TOP OF THE 1ST
Havana Rollers batting - Pitching for Otsego Bulldogs : RHP Troy Parker
Pitching: RHP Troy Parker
Batting: LHB Jimmy Husted 0-0: SINGLE (Line Drive, 89S)
Batting: RHB Jack Bailey 0-0: Ball
1-0: Swinging Strike
1-1: 2-RUN HOME RUN (Flyball, 7LD), Distance : 357 ft
Batting: LHB Enrique Cortéz 0-0: Called Strike
0-1: Ball
1-1: Foul Ball, location: 2F
1-2: Foul Ball, location: 2F
1-2: Ball
2-2: SOLO HOME RUN (Flyball, 8RXD), Distance : 437 ft
Batting: SHB Chris Bennis 0-0: Ball
1-0: Ball
2-0: Foul Ball, location: 2F
2-1: Ball
3-1: Swinging Strike
3-2: Strikes out swinging
Batting: LHB Noriaki Oshima 0-0: Called Strike
0-1: Ball
1-1: Called Strike
1-2: Ball
2-2: Ball
3-2: Ground out 4-3 (Groundball, 4)
Batting: RHB Yaichiro Sugahara 0-0: Ball
1-0: Foul Ball, location: 2F
1-1: Ball
2-1: Foul Ball, location: 2F
2-2: Fly out, F9 (Flyball, 89XD)
Top of the 1st over - 3 run(s), 3 hit(s), 0 error(s), 0 left on base; Havana 3 - Otsego 0
BOTTOM OF THE 1ST
Otsego Bulldogs batting - Pitching for Havana Rollers : RHP Chris Marshall
Pitching: RHP Chris Marshall
Batting: LHB Mario Cornelo 0-0: Called Strike
0-1: Foul Ball, location: 2F
0-2: Strikes out swinging
Batting: RHB Juan Pérez 0-0: Swinging Strike
0-1: Ball
1-1: Ball
2-1: Foul Ball, location: 2F
2-2: Strikes out swinging
Batting: RHB Cristo García 0-0: Ball
1-0: DOUBLE (Line Drive, 7LD)
Batting: RHB Jim Beck 0-0: Called Strike
0-1: Ball
1-1: Foul Ball, location: 2F
1-2: Strikes out swinging
Bottom of the 1st over - 0 run(s), 1 hit(s), 0 error(s), 1 left on base; Havana 3 - Otsego 0
TOP OF THE 2ND
Havana Rollers batting - Pitching for Otsego Bulldogs : RHP Troy Parker
Batting: RHB Francisco Rincón 0-0: Called Strike
0-1: Ball
1-1: Ball
2-1: Ball
3-1: Base on Balls
Batting: LHB José Torres 0-0: Ball
1-0: Foul Ball, location: 2F
1-1: Ball
2-1: Foul Ball, location: 2F
2-2: Ball
3-2: Fielders Choice at 2nd, 4-6 (Groundball, 34)
Batting: RHB Chad Case 0-0: Ball
1-0: Ball
2-0: Called Strike
2-1: Foul Ball, location: 2F
2-2: Foul Ball, location: 2F
2-2: Strikes out swinging
Batting: LHB Jimmy Husted 0-0: Swinging Strike
0-1: Foul Ball, location: 2F
0-2: Strikes out looking
Top of the 2nd over - 0 run(s), 0 hit(s), 0 error(s), 1 left on base; Havana 3 - Otsego 0
BOTTOM OF THE 2ND
Otsego Bulldogs batting - Pitching for Havana Rollers : RHP Chris Marshall
Batting: RHB Armando Cuevas 0-0: Ground out 4-3 (Groundball, 4)
Batting: RHB Ryosei Yamamoto 0-0: Ball
1-0: SINGLE (Line Drive, 89M)
Batting: RHB Kyung-bok Cho 0-0: Foul Ball, location: 2F
0-1: Ball
1-1: Ball
2-1: Ball
3-1: Base on Balls
Ryosei Yamamoto to second
Batting: RHB Felipe Rego 0-0: Swinging Strike
0-1: Foul Ball, location: 2F
0-2: Ball
1-2: Ball
2-2: Strikes out looking
Batting: RHB José Martínez 0-0: Swinging Strike
0-1: Ball
1-1: Foul Ball, location: 2F
1-2: Ball
2-2: Foul Ball, location: 2F
2-2: Fielders Choice at 2nd, 4-6 (Groundball, 4)
Bottom of the 2nd over - 0 run(s), 1 hit(s), 0 error(s), 1 left on base; Havana 3 - Otsego 0
TOP OF THE 3RD
Havana Rollers batting - Pitching for Otsego Bulldogs : RHP Troy Parker
Batting: RHB Jack Bailey 0-0: Ground out 6-3 (Groundball, 6)
Batting: LHB Enrique Cortéz 0-0: Ball
1-0: Ball
2-0: Called Strike
2-1: SINGLE (Groundball, 3D)
Batting: SHB Chris Bennis 0-0: Ball
1-0: Foul Ball, location: 2F
1-1: Ground out 4-3 (Groundball, 4S)
Enrique Cortéz to second
Batting: LHB Noriaki Oshima 0-0: Ball
1-0: Called Strike
1-1: Ground out 4-3 (Groundball, 34)
Top of the 3rd over - 0 run(s), 1 hit(s), 0 error(s), 1 left on base; Havana 3 - Otsego 0
BOTTOM OF THE 3RD
Otsego Bulldogs batting - Pitching for Havana Rollers : RHP Chris Marshall
Batting: LHB Mario Cornelo 0-0: Called Strike
0-1: Ball
1-1: Swinging Strike
1-2: Ball
2-2: Ground out 6-3 (Groundball, 6M)
Batting: RHB Juan Pérez 0-0: Ground out 6-3 (Groundball, 56)
Batting: RHB Cristo García 0-0: Called Strike
0-1: Ball
1-1: Called Strike
1-2: Ball
2-2: Fly out, F8 (Flyball, 8RM)
Bottom of the 3rd over - 0 run(s), 0 hit(s), 0 error(s), 0 left on base; Havana 3 - Otsego 0
TOP OF THE 4TH
Havana Rollers batting - Pitching for Otsego Bulldogs : RHP Troy Parker
Batting: RHB Yaichiro Sugahara 0-0: Ball
1-0: Foul Ball, location: 2F
1-1: Ball
2-1: Called Strike
2-2: Foul Ball, location: 2F
2-2: Ball
3-2: Base on Balls
Batting: RHB Francisco Rincón 0-0: Fly out, F9 (Flyball, 89S)
Batting: LHB José Torres 0-0: Ball
1-0: Ball
2-0: 2-RUN HOME RUN (Flyball, 89XD), Distance : 404 ft
Batting: RHB Chad Case 0-0: Called Strike
0-1: Ground out 6-3 (Groundball, 6)
Batting: LHB Jimmy Husted 0-0: Called Strike
0-1: SINGLE (Line Drive, 4M)
Batting: RHB Jack Bailey 0-0: Ball
1-0: Ball
Wild Pitch!
Jimmy Husted to second
2-0: Called Strike
2-1: SINGLE (Groundball, 25) (infield hit)
Jimmy Husted to third
Batting: LHB Enrique Cortéz 0-0: Called Strike
0-1: Called Strike
0-2: Strikes out swinging
Top of the 4th over - 2 run(s), 3 hit(s), 0 error(s), 2 left on base; Havana 5 - Otsego 0
BOTTOM OF THE 4TH
Otsego Bulldogs batting - Pitching for Havana Rollers : RHP Chris Marshall
Batting: RHB Jim Beck 0-0: Called Strike
0-1: Ball
1-1: Ball
2-1: Swinging Strike
2-2: Fly out, F4 (Line Drive, 4M)
Batting: RHB Armando Cuevas 0-0: Called Strike
0-1: Foul Ball, location: 2F
0-2: Ball
1-2: Ball
2-2: Ball
3-2: Fly out, F9 (Flyball, 9S)
Batting: RHB Ryosei Yamamoto 0-0: Ball
1-0: Fly out, F9 (Flyball, 9LM)
Bottom of the 4th over - 0 run(s), 0 hit(s), 0 error(s), 0 left on base; Havana 5 - Otsego 0
TOP OF THE 5TH
Havana Rollers batting - Pitching for Otsego Bulldogs : RHP Troy Parker
Pitching: LHP Félix García
Batting: SHB Chris Bennis 0-0: Ball
1-0: Ball
2-0: Ball
3-0: Base on Balls
Batting: LHB Noriaki Oshima 0-0: Grounds into double play, 4-6-3 (Groundball, 4)
Batting: RHB Yaichiro Sugahara 0-0: Ball
1-0: Called Strike
1-1: SINGLE (Groundball, 6MD)
Batting: RHB Francisco Rincón 0-0: Swinging Strike
0-1: Ball
1-1: Ball
2-1: Swinging Strike
2-2: Ball
3-2: Strikes out swinging, 2-3 out at first.
Top of the 5th over - 0 run(s), 1 hit(s), 0 error(s), 1 left on base; Havana 5 - Otsego 0
BOTTOM OF THE 5TH
Otsego Bulldogs batting - Pitching for Havana Rollers : RHP Chris Marshall
Batting: RHB Kyung-bok Cho 0-0: Swinging Strike
0-1: SINGLE (Groundball, 34D)
Batting: RHB Felipe Rego 0-0: Ball
1-0: Ball
Kyung-bok Cho steals 2nd base
2-0: Foul Ball, location: 2F
2-1: Ball
3-1: Foul Ball, location: 2F
3-2: DOUBLE (Line Drive, 7D)
Kyung-bok Cho scores
Batting: RHB José Martínez 0-0: Called Strike
0-1: Foul Ball, location: 2F
0-2: Strikes out looking
Batting: LHB Mario Cornelo 0-0: Swinging Strike
0-1: Ball
1-1: Swinging Strike
1-2: Foul Ball, location: 2F
1-2: Ball
2-2: Foul Ball, location: 2F
2-2: Strikes out swinging
Batting: RHB Juan Pérez 0-0: SINGLE (Groundball, 56D)
Felipe Rego to third
Runner from 3rd tries for Home, SAFE, no throw
Batting: RHB Cristo García 0-0: Called Strike
0-1: Ball
1-1: Foul Ball, location: 2F
1-2: Foul Ball, location: 2F
1-2: Strikes out swinging
Bottom of the 5th over - 2 run(s), 3 hit(s), 0 error(s), 1 left on base; Havana 5 - Otsego 2
TOP OF THE 6TH
Havana Rollers batting - Pitching for Otsego Bulldogs : LHP Félix García
Batting: LHB José Torres 0-0: Called Strike
0-1: Foul Ball, location: 2F
0-2: Strikes out swinging
Batting: RHB Chad Case 0-0: Ball
1-0: Called Strike
1-1: Ball
2-1: Called Strike
2-2: Strikes out swinging
Batting: LHB Jimmy Husted 0-0: Ball
1-0: Fly out, F7 (Line Drive, 78M)
Top of the 6th over - 0 run(s), 0 hit(s), 0 error(s), 0 left on base; Havana 5 - Otsego 2
BOTTOM OF THE 6TH
Otsego Bulldogs batting - Pitching for Havana Rollers : RHP Chris Marshall
Batting: RHB Jim Beck 0-0: Called Strike
0-1: SINGLE (Groundball, 56D)
Batting: RHB Armando Cuevas 0-0: SINGLE (Flyball, 89S)
Jim Beck to second
Runner from 2nd tries for 3rd, SAFE, throw made to third
Batting: RHB Ryosei Yamamoto 0-0: Foul Ball, location: 2F
0-1: Ball
1-1: Grounds into double play, 6-4-3 (Groundball, 56)
Jim Beck scores
Batting: RHB Kyung-bok Cho 0-0: Foul Ball, location: 2F
0-1: Ground out 6-3 (Groundball, 6)
Bottom of the 6th over - 1 run(s), 2 hit(s), 0 error(s), 0 left on base; Havana 5 - Otsego 3
TOP OF THE 7TH
Havana Rollers batting - Pitching for Otsego Bulldogs : LHP Félix García
Batting: RHB Jack Bailey 0-0: Ball
1-0: Ground out 4-3 (Groundball, 4)
Batting: LHB Enrique Cortéz 0-0: Ball
1-0: Foul Ball, location: 2F
1-1: Called Strike
1-2: Foul Ball, location: 2F
1-2: Foul Ball, location: 2F
1-2: Fly out, F8 (Line Drive, 8RD)
Batting: SHB Chris Bennis 0-0: Foul Ball, location: 2F
0-1: Swinging Strike
0-2: Strikes out swinging
Top of the 7th over - 0 run(s), 0 hit(s), 0 error(s), 0 left on base; Havana 5 - Otsego 3
BOTTOM OF THE 7TH
Otsego Bulldogs batting - Pitching for Havana Rollers : RHP Chris Marshall
Batting: RHB Felipe Rego 0-0: SINGLE (Groundball, 56D)
Pinch Runner at 1st Donald White:
Batting: RHB José Martínez 0-0: Ball
1-0: Ball
2-0: Ball
3-0: Base on Balls
Donald White to second
Batting: LHB Mario Cornelo 0-0: Swinging Strike
0-1: Foul Ball, location: 2F
0-2: Ball
1-2: Foul Ball, location: 2F
1-2: Foul Ball, location: 2F
1-2: Ball
2-2: Foul Ball, location: 2F
2-2: SINGLE (Groundball, 34S) (infield hit)
Donald White to third
José Martínez to second
Pitching: RHP Brad Sharpe
Batting: RHB Juan Pérez 0-0: Foul Ball, location: 2F
0-1: Foul Ball, location: 2F
0-2: Foul Ball, location: 2F
0-2: Ball
1-2: Strikes out swinging
Batting: RHB Cristo García 0-0: Ball
Wild Pitch!
Donald White scores
José Martínez to third
Mario Cornelo to second
1-0: 3-RUN HOME RUN (Flyball, 7D), Distance : 389 ft
Batting: RHB Jim Beck 0-0: Called Strike
0-1: Ball
1-1: Ball
2-1: Foul Ball, location: 2F
2-2: Fly out, F7 (Flyball, 7)
Batting: RHB Armando Cuevas 0-0: Ball
1-0: Foul Ball, location: 2F
1-1: Ground out 6-3 (Groundball, 6)
Bottom of the 7th over - 4 run(s), 3 hit(s), 0 error(s), 0 left on base; Havana 5 - Otsego 7
TOP OF THE 8TH
Havana Rollers batting - Pitching for Otsego Bulldogs : LHP Félix García
Now in RF: Donald White
Batting: LHB Noriaki Oshima 0-0: Foul Ball, location: 2F
0-1: Swinging Strike
0-2: Strikes out swinging
Batting: RHB Yaichiro Sugahara 0-0: Ball
1-0: Called Strike
1-1: Foul Ball, location: 2F
1-2: Ball
2-2: Strikes out looking
Batting: RHB Francisco Rincón 0-0: Called Strike
0-1: Swinging Strike
0-2: Foul Ball, location: 2F
0-2: SINGLE (Flyball, 8LS)
Pitching: RHP Matthew Scott
Batting: LHB José Torres 0-0: Ball
1-0: Ball
2-0: Ball
3-0: Called Strike
3-1: Called Strike
3-2: Base on Balls
Francisco Rincón to second
Pinch Hitting: LHB Dave Gordon 0-0: Ground out 5-3 (Groundball, 56S)
Top of the 8th over - 0 run(s), 1 hit(s), 0 error(s), 2 left on base; Havana 5 - Otsego 7
BOTTOM OF THE 8TH
Otsego Bulldogs batting - Pitching for Havana Rollers : RHP Brad Sharpe
Now at SS: Raynard Brenner
Batting: RHB Ryosei Yamamoto 0-0: Fly out, F8 (Flyball, 8LD)
Batting: RHB Kyung-bok Cho 0-0: Ball
1-0: Ball
2-0: Ground out 5-3 (Groundball, 5S)
Batting: RHB Donald White 0-0: Foul Ball, location: 2F
0-1: Bunted foul
0-2: Foul Ball, location: 2F
0-2: Strikes out swinging
Bottom of the 8th over - 0 run(s), 0 hit(s), 0 error(s), 0 left on base; Havana 5 - Otsego 7
TOP OF THE 9TH
Havana Rollers batting - Pitching for Otsego Bulldogs : RHP Matthew Scott
Pitching: RHP Kenshin Kubota
Batting: LHB Jimmy Husted 0-0: Ball
1-0: Fly out, F7 (Flyball, 7)
Batting: RHB Jack Bailey 0-0: Called Strike
0-1: Called Strike
0-2: Ball
1-2: Ball
2-2: Ball
3-2: Fly out, F9 (Flyball, 9S)
Batting: LHB Enrique Cortéz 0-0: Ball
1-0: Ball
2-0: Foul Ball, location: 2F
2-1: Foul Ball, location: 2F
2-2: Fly out, F4 (Line Drive, 4M)
Top of the 9th over - 0 run(s), 0 hit(s), 0 error(s), 0 left on base; Havana 5 - Otsego 7
Thursday, March 30th, 2017 - OOTP Baseball 17.12 Build 75